 Dungeon Crawl Stone Soup version 0.30-a0-142-g7370640ec8 (webtiles) character file.

Game seed: 1589034087317790511

291 qw the Chopper (level 6, -7/38 HPs)
             Began as a Gargoyle Fighter on Sept 26, 2022.
             Killed by divine providence
             ... invoked by an orc priest
              (13 damage)
             ... on level 3 of the Dungeon.
             The game lasted 00:00:50 (2075 turns).

qw the Chopper (Gargoyle Fighter)                   Turns: 2075, Time: 00:00:50

Health: -7/38      AC: 12    Str: 22    XL:     6   Next: 32%
Magic:  6/6        EV:  9    Int:  8    God:
Gold:   129        SH:  4    Dex:  9    Spells: 5/5 levels left

rFire   . . .      SeeInvis .    Y - +0 war axe
rCold   . . .      Faith    .    c - +0 buckler
rNeg    + . .      Spirit   .    b - +0 scale mail
rPois   inf        Reflect  .    (no helmet)
rElec   +          Harm     .    (no cloak)
rCorr   .          Rampage  .    (no gloves)
Will    .....                    f - +0 pair of boots
Stlth   ..........               j - amulet of the acrobat
HPRegen 0.12/turn                (no ring)
MPRegen 0.10/turn                (no ring)

@: no status effects
A: sickness immunity, AC +4, negative energy resistance 1, electricity
resistance, torment resistance 1, petrification resistance
a: no special abilities


You were on level 3 of the Dungeon.
You visited 1 branch of the dungeon, and saw 3 of its levels.

You collected 129 gold pieces.


Innate Abilities, Weirdness & Mutations

You are immune to sickness and miasma.
Your stone body is resilient. (AC +4)
You are immune to poison.
You resist negative energy. (rN+)
You are resistant to electric shocks. (rElec)
You are resistant to unholy torment.
You are immune to petrification.


   Skills:
 - Level 4.2 Fighting
 + Level 5.0 Axes
 - Level 1.0 Throwing
 - Level 3.2 Armour
 - Level 1.1 Dodging
 - Level 3.2 Shields


You had 5 spell levels left.
You didn't know any spells.
Your spell library was empty.

Inventory:

Hand Weapons
 a - a +4 mace
 Y - a +0 war axe (weapon)
Missiles
 k - 3 javelins (quivered)
Armour
 b - a +0 scale mail (worn)
 c - a +0 buckler (worn)
 f - a +0 pair of boots (worn)
Jewellery
 e - a ring of willpower
 j - an amulet of the acrobat (around neck)
Scrolls
 m - a scroll of blinking {unknown}
 o - 2 scrolls of identify
Potions
 d - a potion of might
 g - 2 potions of curing
 h - a potion of heal wounds {unknown}
 i - a potion of haste {unknown}
 l - a potion of invisibility {unknown}
 n - 2 potions of mutation {unknown}

Dungeon Overview and Level Annotations

Branches:
Dungeon (3/15)

Altars:

Annotations:
D:2 1 runed translucent door, Crazy Yiuf


Message History

The orc barely misses you.
You closely miss the orc.
The orc is moderately wounded.
You block the orc's attack. x2
You slash the orc!
You kill the orc!
The orc priest miscasts a cantrip.
The hobgoblin barely misses you.
You slash the hobgoblin!
You kill the hobgoblin!
You barely miss something. Something hits you but does no damage.
You barely miss something.
Something hits you but does no damage. x2
You miss something. Something hits you but does no damage.
You slash something! You block something's attack.
You barely miss something. Something hits you but does no damage.
The orc priest calls down the wrath of Beogh upon you.
Beogh smites you!
You hear some strange, mumbled words.
A magic dart appears from out of thin air!
The magic dart hits you.
You slash something!
Reactivating autopickup.
You feel a bit more experienced. The orc barely misses you.
Your Dodging skill increases to level 1!
You slash the orc!
You kill the orc!
You hit the orc priest.
The orc priest is heavily wounded.
You block the orc priest's attack. The orc priest completely misses you.
You barely miss the orc priest.
The orc priest is moderately wounded.
The orc priest calls down the wrath of Beogh upon you.
Beogh smites you!
You die...

#.#.##..~~.~.....).(.
#.......~~~~...###...
###..##.~~~.)#####...
##....~~.~..###....
#.#.....P....#.#..
#.#####......#.#.#
#.# #........%.. #.#
#.[....#.#.# #@#
#......#.#/. #o#
########.... #.#
##### #.# #(. #.. #..
#...


You could see an orc priest.

Vanquished Creatures
  Jessica (D:3)
  Natasha (thrice) (D:2)
  An orc wizard (D:3)
  A scorpion zombie (D:3)
  2 hound zombies (D:3)
  A howler monkey skeleton (D:3)
  3 adders
  An adder zombie (D:3)
  An adder skeleton (D:3)
  A dart slug (D:2)
  4 orcs (D:3)
  2 ball pythons
  5 bats
  5 endoplasms
  2 giant cockroaches (D:1)
  5 goblins
  4 hobgoblins
  8 jackals
  5 kobolds
  A quokka (D:1)
  A frilled lizard (D:1)
  A giant cockroach zombie (D:3)
  2 jackal skeletons (D:3)
  2 jackal zombies (D:3)
  4 rats
66 creatures vanquished.

Vanquished Creatures (others)
  4 withered plants (D:3)
4 creatures vanquished.

Grand Total: 70 creatures vanquished

Notes
Turn   | Place    | Note
-------+----------+-------------------------------------------
     0 | D:1      | qw the Gargoyle Fighter began the quest for the Orb.
     0 | D:1      | Reached XP level 1. HP: 14/14 MP: 1/1
     0 | D:1      | 0 ||| qw: Version: 0.2-a-10-g399e6c4
     0 | D:1      | 0 ||| qw: Game counter: 470
     0 | D:1      | 0 ||| qw: Always use a shield: true
     0 | D:1      | 0 ||| qw: God list: Okawaru
     0 | D:1      | 0 ||| qw: Allow faded altars: false
     0 | D:1      | 0 ||| qw: Do Orc after D:15 true
     0 | D:1      | 0 ||| qw: Do second Lair branch before Depths: true
     0 | D:1      | 0 ||| qw: Lair rune preference: random
     0 | D:1      | 0 ||| qw: Plans: Normal, Zot:1-4, God:TSO, Crypt, Tomb,
                  | Pan, Slime:5, Hells, Abyss, Orb
     0 | D:1      | 0 ||| PLANNING D:1-11
    47 | D:1      | Reached skill level 2 in Axes
   121 | D:1      | 121 ||| Stepping ~*~*~tactically~*~*~ (stealth).
   128 | D:1      | Reached XP level 2. HP: 16/19 MP: 2/2
   340 | D:1      | Found a faded altar of an unknown god.
   454 | D:1      | Reached skill level 3 in Axes
   546 | D:1      | 546 ||| Stepping ~*~*~tactically~*~*~ (stealth).
   549 | D:1      | Reached XP level 3. HP: 23/23 MP: 3/3
   697 | D:1      | 697 ||| UPGRADING to +0 pair of boots.
   702 | D:1      | 702 ||| UPGRADING to amulet of the acrobat.
   707 | D:1      | 707 ||| READING scroll labelled GIPRU AQOLIHAWN.
   708 | D:1      | 708 ||| READING scroll labelled QOTHRY ORIO.
   711 | D:2      | Noticed Natasha
   712 | D:2      | 712 ||| STAIRDANCE
   720 | D:2      | 720 ||| STAIRDANCE
   724 | D:1      | Reached skill level 1 in Throwing
   857 | D:2      | HP: 5/23 [Natasha (3)]
   860 | D:2      | Killed Natasha
   861 | D:2      | Reached XP level 4. HP: 5/28 MP: 4/4
  1123 | D:2      | 1123 ||| DROPPING +0 club.
  1161 | D:2      | Noticed Natasha
  1169 | D:2      | Killed Natasha
  1170 | D:2      | Reached skill level 4 in Axes
  1205 | D:2      | Noticed Natasha
  1213 | D:2      | Killed Natasha
  1214 | D:2      | Reached XP level 5. HP: 29/32 MP: 5/5
  1629 | D:2      | Found a runed translucent door.
  1630 | D:2      | Noticed Crazy Yiuf
  1709 | D:2      | 1709 ||| READING scroll labelled BYSMUS SOE.
  1710 | D:2      | 1710 ||| READING scroll labelled YSSIDOMOYT.
  1711 | D:2      | 1711 ||| DRINKING 3 metallic emerald potions.
  1763 | D:3      | Noticed Jessica
  1764 | D:3      | 1764 ||| PLANNING SEWER
  1764 | D:3      | 1764 ||| Stepping ~*~*~tactically~*~*~ (hiding).
  1771 | D:3      | 1771 ||| Stepping ~*~*~tactically~*~*~ (stealth).
  1776 | D:3      | Killed Jessica
  1785 | D:3      | 1785 ||| Stepping ~*~*~tactically~*~*~ (stealth).
  1787 | D:3      | 1787 ||| Stepping ~*~*~tactically~*~*~ (stealth).
  1796 | D:3      | Reached skill level 5 in Axes
  1893 | D:3      | 1893 ||| Stepping ~*~*~tactically~*~*~ (stealth).
  1918 | D:3      | 1918 ||| Stepping ~*~*~tactically~*~*~ (stealth).
  1942 | D:3      | 1942 ||| Stepping ~*~*~tactically~*~*~ (stealth).
  1947 | D:3      | 1947 ||| Stepping ~*~*~tactically~*~*~ (stealth).
  1960 | D:3      | Reached XP level 6. HP: 38/38 MP: 6/6
  1968 | D:3      | 1968 ||| Stepping ~*~*~tactically~*~*~ (hiding).
  2071 | D:3      | HP: 8/38 [orc priest/divine providence (10)]
  2073 | D:3      | Reached skill level 1 in Dodging
  2075 | D:3      | Killed from afar by an orc priest

Levels and vault maps discovered:
D:1:      amcnicky_arrival_feature_with_door, layout_rooms,
          ebering_ecumenical_altar_mist, serial_curves, eino_curves_04,
          eino_curves_04, eino_curves_02, eino_curves_03
D:2:      layout_rooms, uniq_natasha, uniq_crazy_yiuf_cottage
D:3:      layout_loops_cross, gup_sewer_entry_bowl, serial_undead,
          serial_undead_d, serial_undead_a, serial_undead_f, serial_undead_d,
          serial_undead_c, serial_undead_f, minmay_misc_feat_pillars,
          uniq_grinder, uniq_jessica

Skill      XL: |  1  2  3  4  5  6 |
---------------+-------------------+-----
Axes           | 2 3 4 5 |  5.0
Throwing       | 1 |  1.0
Fighting       | 4 |  4.2
Dodging        | 1 |  1.1
Armour         | |  3.2
Shields        | |  3.2

Action                   |  1- 3 |  4- 6 || total
-------------------------+-------+-------++-------
Melee: War axe           |    82 |    98 ||   180
Throw: Javelin           |     2 |    23 ||    25
  Use: Scroll            |     2 |     2 ||     4
       Potion            |       |     1 ||     1
Armor: Scale mail        |    55 |    44 ||    99
Dodge: Dodged            |    41 |    49 ||    90
Block: Buckler           |    12 |    22 ||    34

Table legend:
 A = Non-vault XP
 B = Vault XP
 C = Vault XP percentage of total XP
 D = Non-vault monster count
 E = Vault monster count
 F = Vault count percentage of total count
                 A         B        C        D         E       F
            +---------+---------+-------+---------+---------+-------
      Total |     237 |     180 |  43.2 |      53 |      13 |  19.7
            +---------+---------+-------+---------+---------+-------
        D:1 |      57 |       0 |   0.0 |      26 |       0 |   0.0
        D:2 |     101 |      36 |  26.3 |      11 |       1 |   8.3
        D:3 |      79 |     144 |  64.6 |      16 |      12 |  42.9
            +---------+---------+-------+---------+---------+-------
